 Dungeon Crawl Stone Soup version 0.30-a0-603-g51a0fb1b98 (webtiles) character file.

Game seed: 6039528717854533474

1259 Leeroy the Grappler (level 8, 0/88 HPs)
             Began as a White Draconian Transmuter on Jan 7, 2023.
             Slain by a troll (8 damage)
             ... on level 7 of the Dungeon.
             The game lasted 00:06:09 (4963 turns).

Leeroy the Grappler (White Draconian Transmuter)    Turns: 4963, Time: 00:06:10

Health: 0/88       AC: 24    Str: 18    XL:     8   Next: 27%
Magic:  11/11      EV:  2    Int: 17    God:
Gold:   295        SH:  0    Dex: 11    Spells: 5/11 levels left

rFire   . . .      SeeInvis .      - Unarmed
rCold   . . .      Faith    .    (no shield)
rNeg    . . .      Spirit   .    (body armour unavailable)
rPois   +          Reflect  .    (helmet currently unavailable)
rElec   .          Harm     .    (cloak currently unavailable)
rCorr   .          Rampage  .    (gloves currently unavailable)
Will    .....      NoTele   +    (boots currently unavailable)
Stlth   +                        (no amulet)
HPRegen 0.34/turn                i - +6 ring of strength
MPRegen 0.12/turn                (no ring)

@: tree-form
A: stationary, stasis, torment immunity, boosted hp, (breathe frost), AC +6,
unfitting armour, (cold resistance 1), (cold-blooded)
a: no special abilities


You were on level 7 of the Dungeon.
You were a tree.
You visited 1 branch of the dungeon, and saw 7 of its levels.

You collected 295 gold pieces.

Inventory:

Hand Weapons
 z - a +1 short sword of speed
Armour
 j - an orb of light
Jewellery
 i - a +6 ring of strength (left branch)
 r - a ring of fire
Wands
 y - a wand of polymorph (7)
Scrolls
 c - 3 scrolls of identify
 d - a scroll of immolation {unknown}
 f - 3 scrolls of amnesia
 h - 2 scrolls of poison {unknown}
 k - 2 scrolls of fear {unknown}
 l - 5 scrolls of noise {unknown}
 q - 3 scrolls of vulnerability {unknown}
 s - 4 scrolls of teleportation {unknown}
 u - a scroll of blinking {unknown}
 A - a scroll of enchant weapon {unknown}
Potions
 a - 2 potions of lignification
 b - 2 potions of curing {unknown}
 e - a potion of resistance {unknown}
 g - a potion of haste {unknown}
 m - 2 potions of might {unknown}
 n - a potion of degeneration {unknown}
 o - a potion of attraction {unknown}
 p - 2 potions of ambrosia {unknown}
 t - 3 potions of flight {unknown}
 v - 2 potions of heal wounds {unknown}
 w - 2 potions of berserk rage {unknown}
 x - a potion of magic {unknown}


   Skills:
 - Level 1.1 Fighting
 - Level 1.9 Dodging
 + Level 10.3 Unarmed Combat
 - Level 2.0 Spellcasting
 - Level 2.1 Transmutations
 - Level 0.4 Poison Magic


You had 5 spell levels left.
You knew the following spells:

 Your Spells              Type           Power      Damage    Failure   Level
a - Beastly Appendage     Tmut           18%        N/A       8%          1
b - Spider Form           Tmut/Pois      6%         N/A       34%         3
c - Wereblood             Tmut           9%         N/A       12%         2

Your spell library contained the following spells:

 Spells                   Type           Power      Damage    Failure   Level
 Sublimation of Blood     Necr           1%         N/A       28%         2
 Gell's Gravitas          Tloc           1%         N/A       50%         3
 Lesser Beckoning         Tloc           2%         N/A       50%         3
 Teleport Other           Tloc           1%         N/A       50%         3
 Ice Form                 Ice/Tmut       5%         N/A       77%         4
 Summon Hydra             Summ           0%         N/A       100%        7


Dungeon Overview and Level Annotations

Branches:
Dungeon (7/15)             Temple (0/1) D:6

Altars:
Hepliaklqana
Vehumet
Xom

Shops:
D:5 =


Innate Abilities, Weirdness & Mutations

You are a tree.
Your roots penetrate the ground, keeping you stationary.
You cannot be teleported.
You are immune to unholy pain and torment.
Your maximum health is greatly increased.
Your equipment is partially melded.
((You can breathe waves of freezing cold which knock back foes.))
((Your icy white scales are hard. (AC +6)))
You cannot fit into any form of body armour.
((Your flesh is cold resistant. (rC+)))
((You are cold-blooded and may be slowed by cold attacks.))


Message History

Menkaure seems to speed up.
Menkaure casts a spell at you. Pain shoots through your body!
Menkaure hits you! Menkaure hits you.
Casting: Spider Form (dangerous; 34% risk of failure)
Confirm with . or Enter, or press ? or * to list all spells.
You grow a pair of large bovine horns.
Your feet morph into talons.
Menkaure hits you.
You punch Menkaure! You claw Menkaure. You tail-slap Menkaure.
Menkaure is heavily damaged.
Menkaure closely misses you.
You barely miss Menkaure. You claw Menkaure.
Menkaure is heavily damaged.
Menkaure hums a few words.
Menkaure gestures at you while chanting.
You struggle to resist.
Menkaure hits you. Menkaure hits you!
Your transformation is almost over.
Menkaure barely misses you.
As you read the scroll labelled TOUMIE ZEUBENO, it crumbles to dust.
It is a scroll of identify.
f - 3 scrolls of amnesia Menkaure hits you!
Menkaure shouts, "Why can't you leave me to my rest?"
Menkaure calls on the powers of darkness!
The troll convulses!
Your body is wracked with pain!
* * * LOW HITPOINT WARNING * * *
Really quaff the potion of lignification?
Your horns disappear.
Your talons disappear.
You turn into a tree.
Your roots penetrate the ground.
Menkaure hits you but does no damage. The troll bites you!
* * * LOW HITPOINT WARNING * * *
The troll claws you but does no damage. x2
You pummel Menkaure!!
You destroy Menkaure!
The troll bites you.
* * * LOW HITPOINT WARNING * * *
The troll claws you!
You die...

.....# #................
.....# #.............)..
.....# #.........>......
######
####................
....#
#.....##'###########
....# +.....#....# ....#
#.....#....#
....##########.....#.####
#..............T♣.##.#
#.................#<.#
#.................#..#
'.................#..#
#.................#..#
##'################..#
...# .... ...# .... ...#
.....#


You could see a troll.

Vanquished Creatures
  Eustachio (D:5)
  Menkaure (D:7)
  A water moccasin (D:7)
  An ice beast (D:6)
  A black bear (D:5)
  An ogre (D:5)
  2 centaurs (D:6)
  2 phantoms (D:5)
  A necrophage (D:6)
  3 hounds
  A jelly (D:4)
  Terence (D:3)
  An iguana (D:5)
  An orc wizard (D:5)
  3 gnolls (D:3)
  5 adders
  A white imp (D:5)
  3 worms
  3 dart slugs
  7 orcs (D:5)
  7 endoplasms
  12 giant cockroaches
  8 goblins
  11 hobgoblins
  3 jackals (D:4)
  2 quokkas (D:3)
  6 ball pythons
  4 bats
  5 frilled lizards
  4 kobolds
  6 rats
108 creatures vanquished.

Notes
Turn   | Place    | Note
-------+----------+-------------------------------------------
     0 | D:1      | Leeroy the Draconian Transmuter began the quest for the
                  | Orb.
     0 | D:1      | Reached XP level 1. HP: 16/16 MP: 3/3
   145 | D:1      | Reached XP level 2. HP: 20/23 MP: 5/5
   595 | D:1      | Reached skill level 4 in Unarmed Combat
   596 | D:1      | Reached XP level 3. HP: 14/28 MP: 6/6
   988 | D:2      | Found a shimmering altar of Xom.
  1511 | D:3      | Learned a level 3 spell: Spider Form
  1514 | D:3      | Learned a level 2 spell: Wereblood
  1587 | D:3      | Reached XP level 4. HP: 35/35 MP: 5/7
  1674 | D:3      | You fall into a shaft and drop 1 floor!
  1737 | D:3      | Noticed Terence
  1748 | D:3      | Killed Terence
  1749 | D:3      | Reached skill level 5 in Unarmed Combat
  1861 | D:3      | Found a faded altar of an unknown god.
  2077 | D:3      | Found a radiant altar of Vehumet.
  2116 | D:4      | Reached XP level 5. HP: 38/40 MP: 6/8
  2277 | D:4      | Found a hazy altar of Hepliaklqana.
  2310 | D:4      | Reached skill level 6 in Unarmed Combat
  2494 | D:4      | Found a shimmering altar of Xom.
  2839 | D:5      | Entered Level 5 of the Dungeon
  2984 | D:5      | Reached XP level 6. HP: 34/47 MP: 6/9
  3046 | D:5      | Reached skill level 7 in Unarmed Combat
  3436 | D:5      | Your scales start taking on an icy white colour.
  3436 | D:5      | Reached XP level 7. HP: 45/52 MP: 10/10
  3436 | D:5      | Gained mutation: Your flesh is cold resistant. (rC+) [White
                  | Draconian growth]
  3489 | D:5      | Reached skill level 8 in Unarmed Combat
  3518 | D:5      | Found Utorch's Jewellery Shop.
  3677 | D:5      | Noticed Eustachio
  3694 | D:5      | Killed Eustachio
  3695 | D:5      | Reached skill level 9 in Unarmed Combat
  3858 | D:6      | Found a staircase to the Ecumenical Temple.
  4245 | D:6      | Reached XP level 8. HP: 17/59 MP: 11/11
  4428 | D:6      | Reached skill level 10 in Unarmed Combat
  4666 | D:6      | Noticed a gargoyle
  4940 | D:7      | Noticed a troll
  4950 | D:7      | Noticed Menkaure
  4963 | D:7      | Killed Menkaure
  4963 | D:7      | Slain by a troll

Illustrated notes

Levels and vault maps discovered:
D:1:      lightli_arrival_flooded_house, layout_basic
D:2:      minmay_roachtagon, layout_rooms, basic_altar
D:3:      layout_basic, mainiacjoe_overflow_tiny_flanked,
          basic_ecumenical_altar, uniq_terence
D:4:      layout_loops_ring, mainiacjoe_overflow_six_doors_small,
          lemuel_crystal_altar, kennysheep_crisscross
D:5:      layout_basic, serial_shops, shop, uniq_eustachio
D:6:      kennysheep_big_flooded_room, layout_basic, kennysheep_slug_shrine,
          mainiacjoe_overflow_24_doors, minmay_temple_entry_hall,
          gammafunk_ghost_grave
D:7:      layout_gridville, uniq_prince_ribbit1, uniq_menkaure

Skill      XL: |  1  2  3  4  5  6  7  8 |
---------------+-------------------------+-----
Unarmed Combat | 4 5 6 7 9 10 | 10.3
Fighting       | |  1.1
Dodging        | |  1.9
Spellcasting   | |  2.0
Transmutations | |  2.1
Poison Magic   | |  0.4

Action                   |  1- 3 |  4- 6 |  7- 9 || total
-------------------------+-------+-------+-------++-------
Melee: Unarmed           |   156 |   153 |    57 ||   366
       Tailslap          |    12 |    15 |     2 ||    29
       Headbutt          |     9 |     8 |     3 ||    20
       Punch             |     3 |     4 |     3 ||    10
       Kick              |     8 |     9 |     5 ||    22
 Cast: Beastly Appendage |    17 |    11 |     4 ||    32
       Spider Form       |       |     3 |     4 ||     7
       Wereblood         |       |     1 |       ||     1
 Abil: Breathe Frost     |       |       |     4 ||     4
  Use: Scroll            |       |       |     1 ||     1
       Potion            |       |       |     1 ||     1
Armor: Skin              |    43 |    35 |    13 ||    91
Dodge: Dodged            |   117 |    87 |    50 ||   254

Table legend: (Time is in decaauts)
 A = Elapsed time spent in this place.
 B = Non-inter-level travel time spent in this place.
 C = Inter-level travel time spent in this place.
 D = Time resting spent in this place.
 E = Time spent auto-exploring this place.
 F = Levels seen in this place.
 G = Mean time per level.
                   A        B        C        D        E       F      G
               +--------+--------+--------+--------+--------+-----+--------+
         Total |   4928 |   4802 |    126 |    374 |   3621 |   7 |  704.0 |
       Dungeon |   4928 |   4802 |    126 |    374 |   3621 |   7 |  704.0 |
               +--------+--------+--------+--------+--------+-----+--------+

Top non-repeatable levels by time:
     D:5: 987 daAuts
     D:1: 893 daAuts
     D:6: 848 daAuts
     D:4: 751 daAuts
     D:3: 619 daAuts
     D:2: 560 daAuts
     D:7: 268 daAuts
